 Dungeon Crawl Stone Soup version 0.30-a0-737-gf23d94013f (webtiles) character file.

Game seed: 15697539607660266879

45865 jimonade the Unseen (level 14, -1/70 HPs)
             Began as a Vine Stalker Brigand on Feb 2, 2023.
             Was a High Priest of Uskayaw.
             Splashed by a goliath frog's acid (5 damage)
             ... on level 5 of the Lair of Beasts.
             The game lasted 00:48:31 (16539 turns).

jimonade the Unseen (Vine Stalker Brigand)         Turns: 16539, Time: 00:48:31

Health: -1/70      AC: 12    Str: 21    XL:     14   Next: 35%
Magic:  0/21       EV: 10    Int: 11    God:    Uskayaw [*****.]
Gold:   334        SH: 11    Dex: 20    Spells: 13/13 levels left

rFire   . . .      SeeInvis .    a - +8 arc blade {discharge, rElec}
rCold   + . .      Faith    .    T - +0 kite shield
rNeg    . . .      Spirit   +    R - +1 chain mail {rPois}
rPois   +          Reflect  .    A - +0 helmet
rElec   +          Harm     .    c - +0 cloak
rCorr   .          Rampage  .    I - +1 pair of gloves
Will    +....                    (no boots)
Stlth   ++++                     m - amulet of the acrobat
HPRegen 1.11/turn                g - ring of protection from cold
MPRegen 0.17/turn                k - +6 ring of strength

@: corroded
A: fangs 3, regeneration 1, magic shield, antimagic bite, no potion heal 2,
iridescent scales 1
a: Renounce Religion, Stomp, Line Pass, Grand Finale


You were on level 5 of the Lair of Beasts.
You worshipped Uskayaw.
Uskayaw was aware of your devotion.
You visited 2 branches of the dungeon, and saw 16 of its levels.
You also visited: Sewer.

You collected 1054 gold pieces.
You spent 720 gold pieces at shops.

Inventory:

Hand Weapons
 a - the +8 arc blade (weapon) {discharge, rElec}
   (You bought it in a shop on level 4 of the Dungeon)

   rElec:     It insulates you from electricity.
 b - a +2 dagger of venom
 y - a +0 sling
 J - a +1 dagger of protection
Missiles
 d - 40 poisoned darts (quivered)
 e - 4 curare-tipped darts
 P - 2 throwing nets
 S - 4 atropa-tipped darts
 V - 3 boomerangs of dispersal
Armour
 c - a +0 cloak (worn)
 A - a +0 helmet (worn)
 B - a +1 troll leather armour {Snorg}
 I - a +1 pair of gloves (worn)
 K - +0 steam dragon scales
 R - a +1 chain mail of poison resistance (worn)
 T - a +0 kite shield (worn)
Jewellery
 g - a ring of protection from cold (left hand)
 k - a +6 ring of strength (right hand)
 m - an amulet of the acrobat (around neck)
 O - a ring of positive energy
 W - a ring of see invisible
Wands
 r - a wand of flame (29)
 L - a wand of light (7)
 N - a wand of roots (18)
 Q - a wand of digging (4)
 U - a wand of mindburst (16)
 Z - a wand of charming (5)
Scrolls
 f - 11 scrolls of identify
 h - 3 scrolls of amnesia
 i - 2 scrolls of butterflies
 j - 2 scrolls of blinking
 l - 3 scrolls of vulnerability
 o - 5 scrolls of enchant weapon
 q - 3 scrolls of magic mapping
 x - 4 scrolls of fear
 z - a scroll of brand weapon
 E - 2 scrolls of poison
 F - 5 scrolls of teleportation
 X - a scroll of fog
Potions
 n - 2 potions of magic
 p - 2 potions of cancellation {unknown}
 s - 10 potions of curing
 t - 4 potions of heal wounds
 u - 2 potions of might
 v - 6 potions of brilliance
 w - 3 potions of invisibility
 D - a potion of berserk rage
 G - 3 potions of flight
 H - 4 potions of haste {unknown}
 M - a potion of attraction
 Y - a potion of lignification {unknown}
Miscellaneous
 C - a condenser vane


   Skills:
 + Level 6.7 Fighting
 - Level 10.0 Short Blades
 + Level 2.2 Throwing
 + Level 2.8 Armour
 + Level 7.8 Dodging
 + Level 18.0 Stealth
 * Level 5.9 Shields
 * Level 8.9 Invocations
 * Level 6.2 Evocations


You had 13 spell levels left.
You didn't know any spells.
Your spell library contained the following spells:

 Spells                   Type           Power      Damage    Failure   Level
 Beastly Appendage        Tmut           0%         N/A       100%        1
 Summon Small Mammal      Summ           0%         N/A       100%        1
 Scorch                   Fire           0%         2d5       100%        2
 Wereblood                Tmut           0%         N/A       100%        2
 Call Canine Familiar     Summ           0%         N/A       100%        3
 Ignite Poison            Fire/Tmut/Pois 0%         N/A       100%        3
 Spider Form              Tmut/Pois      0%         N/A       100%        3
 Summon Guardian Golem    Hex/Summ       0%         N/A       100%        3
 Airstrike                Air            0%         2d(0-16)  100%        4
 Animate Dead             Necr           0%         N/A       100%        4
 Flame Wave               Conj/Fire      0%         2d4       100%        4
 Sticky Flame             Conj/Fire      0%         2d3       100%        4
 Summon Lightning Spire   Summ/Air       0%         N/A       100%        4
 Lightning Bolt           Conj/Air       0%         1d11      100%        5
 Summon Cactus Giant      Summ           0%         N/A       100%        6
 Haunt                    Necr/Summ      0%         N/A       100%        7
 Ignition                 Fire           0%         3d3       100%        8
 Infestation              Necr           0%         N/A       100%        8


Dungeon Overview and Level Annotations

Branches:
Dungeon (11/15)            Temple (0/1) D:4            Lair (5/5) D:10
 Shoals (0/4) Lair:3       Spider (0/4) Lair:3        Sewer (visited)
  Slime: Lair:4-5       Orc: D:9-12

Altars:
Dithmenos
Elyvilon
Gozag
Kikubaaqudgha
Makhleb
Okawaru
Ru
Trog
Uskayaw
Wu Jian
Xom
Yredelemnul
Zin

Shops:
D:4 !(*(?

Annotations:
Lair:3 1 runed translucent door


Innate Abilities, Weirdness & Mutations

You have razor-sharp teeth.
Your natural rate of healing is unusually fast.
When hurt, damage is shared between your health and your magic reserves.
Your bite disrupts and absorbs the magic of your enemies.
Potions cannot restore your health.
You are partially covered in iridescent scales. (AC +2)


Message History

You feel invigorated.
The elephant is severely wounded.
The elephant tramples you.
* * * LOW HITPOINT WARNING * * *
You stumble backwards!
You puncture the elephant!
The elephant is severely wounded.
A nearby plant withers and dies.
A nearby fungus withers and dies.
You block the elephant's attack.
The elephant trunk-slaps you but does no damage.
You hit the elephant. You bite the elephant!
You kill the elephant!
You hit the komodo dragon.
The arc blade crackles.
The komodo dragon is struck by an arc of lightning!
The komodo dragon is severely wounded.
You resist.
You are struck by an arc of lightning.
* * * LOW HITPOINT WARNING * * *
The lightning grounds out.
The komodo dragon is severely wounded.
You block the komodo dragon's attack. You block the goliath frog's attack.
You puncture the komodo dragon!
You bite the komodo dragon, but do no damage.
The komodo dragon is almost dead.
The komodo dragon bites you.
* * * LOW HITPOINT WARNING * * *
The goliath frog closely misses you.
You barely miss the komodo dragon.
The komodo dragon is almost dead.
The goliath frog hits you from afar!
* * * LOW HITPOINT WARNING * * *
The acid corrodes you!
You are splashed with acid.
* * * LOW HITPOINT WARNING * * *
The komodo dragon bites you but does no damage.
You hit the komodo dragon.
You bite the komodo dragon, but do no damage.
The komodo dragon is almost dead.
The goliath frog hits you from afar.
* * * LOW HITPOINT WARNING * * *
You are splashed with acid!
You die...

#...†..............
##.<...............
##.F##....P.#.....#.
#....#.....##....##
##FY####.######..#
##FY###..## #...##
#YF###....####...##
##l+..'....###.....
#@...#######......
#.#### ##...#.#
##...# ##.....##
##..P.######.#P..##
#................##.
##..................
##..####...#.#...#.
#.### ####.##.###
### ######


You could see 2 elephants, a komodo dragon, 2 goliath frogs, a yak and 2 cane
toads.

Vanquished Creatures
  Snorg (Lair:4)
  3 hydras
  A catoblepas (Lair:3)
  A centaur warrior (D:9)
  A two-headed ogre (D:11)
  3 death yaks (Lair:4)
  Amaemon (Lair:2)
  An ugly thing (D:11)
  21 elephants
  An oklob plant (Lair:3)
  2 manticores (D:11)
  4 black mambas
  17 cane toads
  2 gargoyles
  Joseph (D:7)
  An orange demon (Lair:2)
  Maggie (D:7)
  2 kobold demonologists
  6 komodo dragons
  2 polar bears
  A hornet (D:10)
  29 blink frogs
  7 dream sheep (Lair:4)
  A vampire (D:10)
  A wraith (D:11)
  31 yaks
  A shadow (D:11)
  5 wyverns
  A basilisk (Lair:1)
  2 vampire mosquitoes (Lair:5)
  2 steam dragons
  5 water moccasins
  An acid dragon (D:10)
  8 orc warriors
  Duvessa (D:7)
  A black bear (Lair:3)
  3 ice beasts
  An ogre (D:7)
  18 centaurs
  A phantom (D:7)
  3 kobold brigands
  Blork the orc (D:6)
  16 bullfrogs
  4 scorpions
  10 wights
  Dowan (D:7)
  17 killer bees
  10 howler monkeys
  An electric eel (Lair:4)
  A hound (D:5)
  11 orc priests
  13 orc wizards
  7 iguanas
  11 adders
  3 river rats (Sewer)
  2 shadow imps
  2 white imps
  An ufetubus (D:5)
  4 worms
  2 dart slugs
  38 orcs
  5 bats
  5 endoplasms
  2 giant cockroaches (D:3)
  A goblin (D:2)
  8 hobgoblins
  23 kobolds
  3 quokkas
  9 ball pythons
  4 frilled lizards
  24 rats
  A bush (Lair:3)
435 creatures vanquished.

Vanquished Creatures (others)
  A wizard (D:5)
  42 fungi
  94 plants
  10 toadstools (Lair:3)
  2 withered plants (Lair:5)
149 creatures vanquished.

Grand Total: 584 creatures vanquished

Notes
Turn   | Place    | Note
-------+----------+-------------------------------------------
     0 | D:1      | jimonade the Vine Stalker Brigand began the quest for the
                  | Orb.
     0 | D:1      | Reached XP level 1. HP: 11/11 MP: 2/2
    74 | D:1      | Found a faded altar of an unknown god.
   146 | D:1      | Reached skill level 5 in Stealth
   299 | D:1      | You fall into a shaft and drop 1 floor!
   359 | D:2      | Reached XP level 2. HP: 8/15 MP: 3/3
   494 | D:2      | Reached XP level 3. HP: 18/18 MP: 4/4
   905 | D:3      | Reached skill level 1 in Dodging
   910 | D:3      | Gained mutation: You are partially covered in iridescent
                  | scales. (AC +2) [potion of mutation]
  1038 | D:3      | Found a hide-covered altar of Uskayaw.
  1057 | D:3      | Became a worshipper of Uskayaw the Reveller
  1258 | D:3      | Reached * piety under Uskayaw
  1285 | D:3      | Found a sacrificial altar of Ru.
  1309 | D:3      | Gained mutation: Your natural rate of healing is unusually
                  | fast. [Vine Stalker growth]
  1309 | D:3      | Reached XP level 4. HP: 23/23 MP: 5/5
  1353 | D:3      | Found a glowing drain.
  1371 | D:3      | Reached skill level 6 in Stealth
  1374 | D:3      | Reached ** piety under Uskayaw
  1379 | Sewer    | Entered a sewer
  1582 | Sewer    | Reached XP level 5. HP: 26/26 MP: 4/6
  2343 | D:4      | Found Loduer's Distillery.
  2393 | D:4      | Found a staircase to the Ecumenical Temple.
  2417 | D:4      | Found Bucrieth's General Store.
  2486 | D:4      | Reached XP level 6. HP: 31/31 MP: 7/7
  2517 | D:4      | Reached skill level 7 in Stealth
  2539 | D:4      | Found Alubb's Magic Scroll Shoppe.
  2579 | D:4      | Found Qetuuvvi's Weapon Boutique.
  2690 | D:4      | Found Madd's Weapon Boutique.
  2920 | D:5      | Entered Level 5 of the Dungeon
  3054 | D:5      | Noticed an ice beast
  3088 | D:5      | Reached *** piety under Uskayaw
  3089 | D:5      | Killed an ice beast
  3090 | D:5      | Reached XP level 7. HP: 30/35 MP: 8/8
  3281 | D:5      | Reached skill level 5 in Short Blades
  3520 | D:5      | Found a bloodstained altar of Trog.
  3522 | D:5      | Noticed a wizard
  3526 | D:5      | Killed a wizard
  3814 | D:6      | Reached skill level 8 in Stealth
  3817 | D:6      | Noticed a yak
  3817 | D:6      | Noticed a yak
  3817 | D:6      | Noticed a yak
  3817 | D:6      | Noticed a yak
  3817 | D:6      | Noticed a yak
  3817 | D:6      | Noticed a yak
  3886 | D:6      | Gained mutation: You have razor-sharp teeth. [Vine Stalker
                  | growth]
  3886 | D:6      | Reached XP level 8. HP: 39/39 MP: 9/9
  3916 | D:6      | Killed a yak
  3920 | D:6      | Killed a yak
  3920 | D:6      | Reached **** piety under Uskayaw
  3921 | D:6      | Reached skill level 9 in Stealth
  3921 | D:6      | Killed a yak
  3921 | D:6      | Killed a yak
  3923 | D:6      | Killed a yak
  3929 | D:6      | Killed a yak
  3930 | D:6      | Reached skill level 10 in Stealth
  3930 | D:6      | Reached XP level 9. HP: 41/44 MP: 10/10
  4044 | D:6      | Noticed Blork the orc
  4056 | D:6      | Killed Blork the orc
  4095 | D:6      | Reached skill level 1 in Invocations
  4501 | D:6      | Found a shadowy altar of Dithmenos.
  4708 | D:6      | Found a shimmering altar of Xom.
  5221 | D:7      | Noticed Duvessa
  5222 | D:7      | Noticed Dowan
  5242 | D:7      | Killed Duvessa
  5257 | D:7      | Killed Dowan
  5272 | D:7      | Reached ***** piety under Uskayaw
  5730 | D:7      | Noticed Joseph
  5742 | D:7      | Killed Joseph
  5743 | D:7      | Reached skill level 11 in Stealth
  5911 | D:7      | Reached XP level 10. HP: 49/49 MP: 11/13
  6158 | D:7      | Noticed Maggie
  6161 | D:7      | Killed Maggie
  6601 | D:8      | Reached skill level 5 in Dodging
  6718 | D:8      | Found an ancient bone altar of Kikubaaqudgha.
  6719 | D:8      | Found an iron altar of Okawaru.
  7085 | D:8      | Found an opulent altar of Gozag.
  7284 | D:8      | Found a white marble altar of Elyvilon.
  7521 | D:9      | Reached skill level 12 in Stealth
  7760 | D:9      | Found a basalt altar of Yredelemnul.
  7921 | D:9      | Noticed a kobold demonologist
  7928 | D:9      | Noticed a smoke demon
  7940 | D:10     | Entered Level 10 of the Dungeon
  7958 | D:9      | Killed a kobold demonologist
  8067 | D:9      | Reached XP level 11. HP: 52/53 MP: 15/15
  8094 | D:9      | Found an ornate altar of the Wu Jian Council.
  8252 | D:9      | Noticed a centaur warrior
  8261 | D:9      | Killed a centaur warrior
  8262 | D:9      | Reached skill level 5 in Invocations
  8816 | D:10     | Found a staircase to the Lair.
  9143 | D:10     | Found a glowing silver altar of Zin.
  9289 | D:10     | Reached skill level 13 in Stealth
  9533 | D:10     | Reached skill level 1 in Evocations
  9870 | D:11     | Noticed a manticore
  9885 | D:11     | Killed a manticore
  9941 | D:11     | Noticed a manticore
  9956 | D:11     | Killed a manticore
 10079 | D:11     | Noticed a two-headed ogre
 10097 | D:11     | Killed a two-headed ogre
 10556 | D:11     | Noticed a sixfirhy
 10561 | D:11     | Reached skill level 10 in Short Blades
 10660 | D:11     | Reached skill level 5 in Fighting
 10660 | D:11     | Reached skill level 14 in Stealth
 10747 | D:11     | Noticed a purple ugly thing
 10752 | D:11     | Reached XP level 12. HP: 52/60 MP: 14/17
 11160 | D:4      | Bought the +8 arc blade {discharge, rElec} for 720 gold
                  | pieces
 11160 | D:4      | Found the +8 arc blade {discharge, rElec}
 11775 | Lair:1   | Entered Level 1 of the Lair of Beasts
 12270 | Lair:1   | Reached skill level 1 in Shields
 12918 | Lair:2   | Noticed a seven-headed hydra
 12941 | Lair:2   | Killed a seven-headed hydra
 12973 | Lair:2   | Reached skill level 15 in Stealth
 13022 | Lair:2   | Reached ****** piety under Uskayaw
 13283 | Lair:2   | Noticed Amaemon
 13305 | Lair:2   | Killed Amaemon
 13393 | Lair:2   | Reached skill level 16 in Stealth
 13487 | Lair:2   | Reached XP level 13. HP: 65/65 MP: 19/19
 13931 | Lair:3   | Found a staircase to the Shoals.
 13976 | Lair:3   | Reached skill level 5 in Evocations
 13977 | Lair:3   | Reached skill level 17 in Stealth
 14491 | Lair:3   | Found a burning altar of Makhleb.
 14713 | Lair:3   | Found a hole to the Spider Nest.
 14966 | Lair:3   | Found the amulet of the Air {Inacc Air Fly rElec RMsl}
 14986 | Lair:3   | Found a runed translucent door.
 15666 | Lair:4   | Noticed Snorg
 15673 | Lair:4   | Reached skill level 1 in Armour
 15680 | Lair:4   | Killed Snorg
 15835 | Lair:4   | Reached skill level 5 in Shields
 15835 | Lair:4   | Reached XP level 14. HP: 67/70 MP: 21/21
 16293 | Lair:5   | Entered Level 5 of the Lair of Beasts
 16490 | Lair:5   | Reached skill level 18 in Stealth
 16539 | Lair:5   | Splashed by a goliath frog's acid

Illustrated notes

Levels and vault maps discovered:
D:1:      lemuel_arrival_funnel, layout_basic, basic_ecumenical_altar,
          dreamdust_princess_corridor, chequers_mini_garden, minmay_tall_x
D:2:      layout_loops_ring
D:3:      layout_loops_ring, lemuel_coloured_pillars_altar,
          amcnicky_altar_gilded, gup_sewer_entry_glass
D:4:      layout_loops_ring, minmay_temple_entry_mist, serial_glass,
          glass_columns_c, glass_columns_b, glass_columns_b, glass_columns_b,
          glass_columns_b, glass_columns_a, glass_columns_a, glass_columns_c,
          glass_columns_b, glass_columns_a, serial_shops, shop,
          nicolae_shop_hallway_plus, nicolae_shop_crystal, shop, shop_fountains
D:5:      layout_basic, trog_wizard
D:6:      layout_basic, mainiacjoe_overflow_small_starburst,
          mainiacjoe_overflow_alcove_2, hangedman_decor_peaks_small,
          hangedman_decor_clover_reticule, amethyst_killhole,
          hangedman_decor_push, uniq_blork_the_orc
D:7:      layout_basic, uniq_maggie, uniq_joseph, uniq_duvessa
D:8:      layout_loops_corners, elyvilon_altar_5,
          nicolae_overflow_hidden_temple, nicolae_overflow_squiral
D:9:      layout_basic, mainiacjoe_overflow_alcove_1, yredelemnul_altar_generic,
          minmay_microvault
D:10:     layout_gridville, zin_scriptorium, grunt_lair_entry_orc_guard_hut
D:11:     layout_stronghold, chequers_jeans
Lair:1:   layout_small_grid, infiniplex_staircase_pool
Lair:2:   layout_regular_city, grunt_megastairs_3, uniq_amaemon
Lair:3:   gammafunk_lair_enchanted_lake, layout_small_grid,
          elwin_shoals_entry_rocks, dummy_spider_entry,
          minmay_lair_oklob_bushes, lemuel_centaur_altar
Lair:4:   layout_regular_city, serial_bayou_shore_a, uniq_snorg
Lair:5:   minmay_lair_end_frog_pond, layout_regular_city, slime_entry_2,
          gammafunk_ghost_grave

Skill      XL: |  1  2  3  4  5  6  7  8  9 10 11 12 13 14 |
---------------+-------------------------------------------+-----
Stealth        | 5 6 7 8 10 11 12 14 16 17 18 | 18.0
Short Blades   | 2 3 4 5 6 8 9 10 | 10.0
Fighting       | 2 3 4 5 6 |  6.7
Dodging        | 1 2 3 4 5 6 7 |  7.8
Invocations    | 2 4 6 7 8 |  8.9
Throwing       | 2 |  2.2
Evocations     | 2 4 5 6 |  6.2
Shields        | 3 5 |  5.9
Armour         | 1 2 |  2.8

Action                     |  1- 3 |  4- 6 |  7- 9 | 10-12 | 13-15 || total
---------------------------+-------+-------+-------+-------+-------++-------
  Melee: Dagger            |    74 |   202 |   238 |   599 |       ||  1113
         Bite              |    13 |    51 |    93 |   278 |    94 ||   529
         Punch             |     1 |     4 |     7 |     8 |       ||    20
         Rapier            |       |       |       |   115 |   257 ||   372
   Fire: Sling             |       |       |       |     2 |       ||     2
  Throw: Dart              |       |       |     2 |     4 |       ||     6
    Use: Potion            |     3 |       |       |       |       ||     3
         Scroll            |       |       |       |    23 |     1 ||    24
   Stab: Sleeping          |    14 |    15 |     5 |    39 |     9 ||    82
         Paralysed         |       |     1 |     5 |    22 |    22 ||    50
         Distracted        |       |       |     2 |     1 |     1 ||     4
 Armour: Robe              |    12 |    45 |    25 |       |       ||    82
         Steam dragon scal |       |       |    21 |    93 |     8 ||   122
         Chain mail        |       |       |       |       |    73 ||    73
  Dodge: Dodged            |    34 |    99 |   182 |   382 |   150 ||   847
  Block: Kite shield       |       |       |       |       |    77 ||    77

Table legend: (Time is in decaauts)
 A = Elapsed time spent in this place.
 B = Non-inter-level travel time spent in this place.
 C = Inter-level travel time spent in this place.
 D = Time resting spent in this place.
 E = Time spent auto-exploring this place.
 F = Levels seen in this place.
 G = Mean time per level.
                   A        B        C        D        E       F      G
               +--------+--------+--------+--------+--------+-----+--------+
         Total |  16155 |  15096 |   1059 |    571 |  10853 |  17 |  950.3 |
       Dungeon |  10912 |  10068 |    844 |    386 |   7260 |  11 |  992.0 |
          Lair |   4751 |   4537 |    214 |    185 |   3344 |   5 |  950.2 |
         Sewer |    492 |    492 |      0 |      0 |    248 |   1 |  492.0 |
               +--------+--------+--------+--------+--------+-----+--------+

Top non-repeatable levels by time:
     D:6: 1434 daAuts
     D:7: 1320 daAuts
  Lair:3: 1232 daAuts
     D:9: 1205 daAuts
  Lair:2: 1190 daAuts
    D:11: 1166 daAuts
  Lair:1: 1055 daAuts
    D:10: 1047 daAuts
  Lair:4: 1036 daAuts
     D:8: 1008 daAuts
     D:3: 888 daAuts
     D:5: 827 daAuts
     D:4: 698 daAuts
     D:2: 657 daAuts
     D:1: 657 daAuts
